 Dungeon Crawl Stone Soup version 0.21.1-1-g345015f (webtiles) character file.

3008 aMcNicky the Carver (level 9, -3/82 HPs)
             Began as a Minotaur Fighter on Mar 3, 2018.
             Was a Priest of Nemelex Xobeh.
             Slain by a six-headed hydra (6 damage)
             ... on level 11 of the Dungeon.
             The game lasted 00:42:32 (7478 turns).

aMcNicky the Carver (Minotaur Fighter)              Turns: 7478, Time: 00:42:32

Health: -3/82      AC: 10    Str: 24    XL:     9   Next: 54%
Magic:  12/12      EV:  5    Int:  9    God:    Nemelex Xobeh [***...]
Gold:   395        SH: 15    Dex: 10    Spells: 8/8 levels left

rFire    + + .     SeeInvis .   a - +0 long sword
rCold    + . .     Gourm    .   A - +0 large shield
rNeg     . . .     Faith    .   o - +2 scale mail {rF+}
rPois    +         Spirit   .   (helmet restricted)
rElec    .         Reflect  .   D - scarf {rC+ rF+}
rCorr    .         Harm     .   y - +0 pair of gloves
MR       +....                  (no boots)
Stlth    +.........             J - amulet of rage
HPRegen  0.23/turn              g - ring of Kenet {rPois MR+ Int+4 Stlth+}
MPRegen  0.13/turn              I - ring of wizardry

@: no status effects
A: retaliatory headbutt, horns 2, talons 1
a: Triple Draw, Renounce Religion, Evoke Berserk Rage


You were on level 11 of the Dungeon.
You worshipped Nemelex Xobeh.
Nemelex Xobeh was most pleased with you.
You were not hungry.

You visited 1 branch of the dungeon, and saw 9 of its levels.

You collected 395 gold pieces.

Inventory:

Hand Weapons
 a - a +0 long sword (weapon)
 q - a +2 short sword of venom
Armour
 b - a +0 scale mail
 c - a +0 shield
 n - a cursed -1 leather armour
 o - a +2 scale mail of fire resistance (worn)
 r - a +0 ring mail of positive energy
 y - a +0 pair of gloves (worn)
 A - a +0 large shield (worn)
 D - a scarf of resistance (worn)
 G - a scarf of cloud immunity
Jewellery
 g - the ring of Kenet (left hand) {rPois MR+ Int+4 Stlth+}
   (You took it off an orc on level 4 of the Dungeon)

   [ring of protection from magic]

   It affects your intelligence (+4).
   It protects you from poison.
   It affects your resistance to hostile enchantments.
   It makes you more stealthy.
 C - a cursed ring of teleportation
 I - a ring of wizardry (right hand)
 J - an amulet of rage (around neck)
 S - an uncursed amulet of guardian spirit {unknown}
 T - an uncursed ring of magical power {unknown}
Wands
 P - a wand of digging (14)
 U - a wand of polymorph (8)
Scrolls
 e - a scroll of random uselessness {unknown}
 h - 4 scrolls of remove curse {unknown}
 i - 5 scrolls of amnesia
 k - 2 scrolls of immolation {unknown}
 m - 4 scrolls of enchant armour {unknown}
 p - 2 scrolls of magic mapping {unknown}
 w - a scroll of fear {unknown}
 N - a scroll of noise {unknown}
 O - a scroll of brand weapon {unknown}
 R - 2 scrolls of teleportation {unknown}
Potions
 d - a potion of might
 j - 2 potions of mutation
 l - 2 potions of lignification {unknown}
 s - 3 potions of degeneration {unknown}
 t - a potion of invisibility {unknown}
 u - a potion of brilliance {unknown}
 v - a potion of resistance {unknown}
 z - 2 potions of flight
 F - a potion of berserk rage {unknown}
Books
 x - a book of Conjurations

   Spells                             Type                      Level
   a - Magic Dart                     Conjuration                  1
   b - Searing Ray                    Conjuration                  2
   c - Dazzling Spray                 Conjuration/Hexes            3
   d - Fulminant Prism                Conjuration/Hexes            4
   e - Force Lance                    Conjuration/Translocation    4
   f - Iskenderun's Mystic Blast      Conjuration                  4
 E - a book of Geomancy

   Spells                             Type                      Level
   a - Sandblast                      Earth                        1
   b - Passwall                       Transmutation/Earth          2
   c - Stone Arrow                    Conjuration/Earth            3
   d - Petrify                        Transmutation/Earth          4
   e - Lee's Rapid Deconstruction     Earth                        5
Miscellaneous
 H - an ornate deck of escape {drawn: 2}
 K - a plain deck of destruction {drawn: 8}
 M - a plain deck of destruction
 Q - a plain deck of destruction
 V - a phantom mirror
Comestibles
 f - 14 rations
 L - 9 chunks of flesh


   Skills:
 + Level 8.8 Fighting
 * Level 11.3 Long Blades
 - Level 4.6 Armour
 - Level 4.5 Shields
 + Level 5.7 Invocations


You had 8 spell levels left.
You didn't know any spells.

Dungeon Overview and Level Annotations

Branches:
Dungeon (8/15)             Temple (0/1) D:7
   Lair: D:8-11

Altars:
Ashenzari
Cheibriados
Kikubaaqudgha
Nemelex Xobeh
Ru
Sif Muna
Trog
Zin
The Shining One

Shops:
D:4 (   D:6 [   D:8 !

Annotations:
D:8 4 runed doors


Innate Abilities, Weirdness & Mutations

You reflexively headbutt those who attack you in melee.
You have a pair of horns on your head.
You have sharp toenails.


Message History

The six-headed hydra bites you but does no damage.
The six-headed hydra bites you! x3
You block the six-headed hydra's attack.
You draw a card...
It is the Cloud.
Clouds appear around you!
The six-headed hydra bites you but does no damage.
The six-headed hydra bites you!
* * * LOW HITPOINT WARNING * * *
The six-headed hydra bites you!
* * * LOW HITPOINT WARNING * * *
The six-headed hydra bites you but does no damage.
The six-headed hydra bites you!
* * * LOW HITPOINT WARNING * * *
The six-headed hydra completely misses you.
Your quarterstaff of venom hits the six-headed hydra.
The six-headed hydra is poisoned.
You draw a card...
It is the Cloud.
Nothing appears to happen.
You block the six-headed hydra's attack. x2
The six-headed hydra bites you.
You die...
Your body glows with a rainbow of weird colours and disappears.

.##. #.... .. ##.... ##.#
#..... ..# ###.#..# ...
.<....(. #.# ####..§(###
#.# # ......§oD@#
##.####.## ###..§§#§#
##.........
.......##(######..........
####.#....(...)÷#...###.##
# ####.####)###......#
#....(..#.....>.#
#.######..#.###.# #.#
#..#.# .. #.# #..#.# .


You could see a six-headed hydra, an orc (petrifying) and a friendly
quarterstaff of venom.

Vanquished Creatures
  Menkaure (D:5)
  A hungry ghost (D:8)
  Edmund (D:5)
  An orc warrior (D:6)
  A sky beast (D:7)
  3 black bears
  3 ogres
  7 centaurs
  2 bullfrogs
  A wyvern zombie (D:8)
  A scorpion (D:11)
  A howler monkey (D:4)
  A crimson imp (D:7)
  A jelly (D:7)
  A hound (D:8)
  4 orc wizards
  7 orc priests
  A bullfrog skeleton (D:5)
  An iguana (D:8)
  4 worker ants
  A hound zombie (D:5)
  A hound skeleton (D:4)
  A worker ant zombie (D:6)
  10 adders
  A shadow imp (D:7)
  An ooze (D:1)
  An adder skeleton (D:7)
  3 leopard geckos
  19 orcs
  5 giant cockroaches
  14 goblins
  6 hobgoblins
  5 jackals (D:4)
  9 kobolds
  2 quokkas
  A ball python (D:3)
  5 bats (D:1)
  5 rats
133 creatures vanquished.

Vanquished Creatures (collateral kills)
  A hippogriff (D:11)
  An ogre (D:4)
  A quasit (D:7)
  A centaur skeleton (D:4)
  2 orc priests (D:4)
  An orc wizard (D:4)
  5 orcs
12 creatures vanquished.

Vanquished Creatures (others)
  A centaur (D:11)
1 creature vanquished.

Grand Total: 146 creatures vanquished

Notes
Turn   | Place    | Note
-------+----------+-------------------------------------------
     0 | D:1      | aMcNicky the Minotaur Fighter began the quest for the Orb.
     0 | D:1      | Reached XP level 1. HP: 19/19 MP: 0/0
     2 | D:1      | Noticed an elf
     4 | D:1      | Noticed a draconian
     6 | D:1      | Noticed a dwarf
     6 | D:1      | Noticed an ogre
     8 | D:1      | Noticed a minotaur
     8 | D:1      | Noticed a human
    11 | D:1      | Noticed a merfolk
    11 | D:1      | Noticed a halfling
    13 | D:1      | Noticed a felid
    13 | D:1      | Noticed a naga
    15 | D:1      | Noticed a vampire
    15 | D:1      | Noticed a tengu
    17 | D:1      | Noticed a gargoyle
    17 | D:1      | Noticed a formicid
    19 | D:1      | Noticed a demigod
    19 | D:1      | Noticed an octopode
    21 | D:1      | Noticed a troll
    21 | D:1      | Noticed a demonspawn
    24 | D:1      | Noticed a ghoul
    24 | D:1      | Noticed a centaur
    26 | D:1      | Noticed a vine stalker
    28 | D:1      | Noticed a spriggan
   256 | D:1      | Reached XP level 2. HP: 27/27 MP: 1/1
   408 | D:1      | Reached skill level 3 in Long Blades
   545 | D:1      | Reached XP level 3. HP: 33/33 MP: 2/2
  1080 | D:2      | Found a sparkling altar of Nemelex Xobeh.
  1112 | D:2      | Became a worshipper of Nemelex Xobeh the Trickster
  1130 | D:2      | Reached XP level 4. HP: 35/40 MP: 3/3
  1163 | D:2      | Noticed a centaur
  1171 | D:2      | Killed a centaur
  1171 | D:2      | Reached skill level 4 in Long Blades
  1171 | D:2      | Reached XP level 5. HP: 37/47 MP: 4/4
  1234 | D:2      | Received a gift from Nemelex Xobeh
  1643 | D:3      | Found a shattered altar of Ashenzari.
  1729 | D:3      | Noticed an ogre
  1738 | D:2      | Killed an ogre
  1738 | D:2      | Reached skill level 5 in Long Blades
  1738 | D:2      | Reached skill level 1 in Invocations
  1909 | D:3      | Reached XP level 6. HP: 54/55 MP: 5/5
  1957 | D:3      | Reached skill level 5 in Fighting
  1980 | D:3      | Found an ancient bone altar of Kikubaaqudgha.
  1998 | D:3      | Found a sacrificial altar of Ru.
  2113 | D:3      | Reached * piety under Nemelex Xobeh
  2441 | D:4      | Reached skill level 6 in Long Blades
  2536 | D:4      | Found Ixoepouq's Weapon Shoppe.
  2540 | D:4      | Received a gift from Nemelex Xobeh
  2597 | D:4      | Reached XP level 7. HP: 61/61 MP: 7/7
  2961 | D:4      | Got a transparent iron ring
  3042 | D:4      | Gained mutation: You are dopey. (Int -2) [potion of mutation]
  3042 | D:4      | Lost mutation: You are dopey. (Int -2) [potion of mutation]
  3042 | D:4      | Gained mutation: You have sharp toenails. [potion of mutation]
  3067 | D:4      | HP: 3/62 [poisoned by a killer bee]
  3075 | D:4      | HP: 3/62 [poisoned by a killer bee]
  3386 | D:4      | Found a glowing silver altar of Zin.
  3584 | D:5      | Entered Level 5 of the Dungeon
  3588 | D:5      | Noticed Menkaure
  3599 | D:5      | Killed Menkaure
  3599 | D:5      | Reached skill level 7 in Long Blades
  3939 | D:5      | Identified the ring of Kenet {rPois MR+ Int+4 Stlth+} (You took it off an orc on level 4 of the Dungeon)
  4009 | D:5      | Found a glowing golden altar of the Shining One.
  4071 | D:5      | Found a deep blue altar of Sif Muna.
  4144 | D:5      | Noticed Edmund
  4166 | D:5      | Received a gift from Nemelex Xobeh
  4292 | D:5      | Killed Edmund
  4715 | D:6      | Found Deirukhecvar's Antique Armour Shop.
  4716 | D:6      | Reached ** piety under Nemelex Xobeh
  4727 | D:6      | Reached skill level 8 in Long Blades
  4727 | D:6      | Reached XP level 8. HP: 47/71 MP: 9/9
  4896 | D:6      | Received a gift from Nemelex Xobeh
  5350 | D:6      | Received a gift from Nemelex Xobeh
  5908 | D:7      | Reached skill level 9 in Long Blades
  6097 | D:7      | Found a staircase to the Ecumenical Temple.
  6137 | D:7      | Found a snail-covered altar of Cheibriados.
  6279 | D:7      | Reached *** piety under Nemelex Xobeh
  6653 | D:8      | Reached skill level 10 in Long Blades
  6668 | D:8      | Reached XP level 9. HP: 63/81 MP: 11/11
  6706 | D:8      | Received a gift from Nemelex Xobeh
  6820 | D:8      | Reached skill level 5 in Invocations
  6822 | D:8      | Found a bloodstained altar of Trog.
  6897 | D:8      | Found Feli's Distillery.
  6907 | D:8      | Found a large runed door.
  6907 | D:8      | Found a large runed door.
  6983 | D:8      | Found a large runed door.
  6983 | D:8      | Found a large runed door.
  7247 | D:8      | You fall through a shaft for 3 floors!
  7382 | D:11     | Reached skill level 11 in Long Blades
  7469 | D:11     | Noticed a six-headed hydra
  7477 | D:11     | HP: 3/82 [six-headed hydra (8)]
  7478 | D:11     | Slain by a six-headed hydra

Skill      XL: |  1  2  3  4  5  6  7  8  9 |
---------------+----------------------------+-----
Long Blades    | 3 4 5 6 8 10 11 | 11.3
Armour         | 4 |  4.6
Fighting       | 4 5 6 7 8 |  8.8
Shields        | 4 |  4.5
Invocations    | 1 2 3 4 5 |  5.7

Action                   |  1- 3 |  4- 6 |  7- 9 || total
-------------------------+-------+-------+-------++-------
Melee: Long sword        |    95 |    97 |   193 ||   385
       Headbutt          |    10 |    15 |    34 ||    59
       Kick              |       |       |    62 ||    62
Evoke: Deck              |       |     2 |    20 ||    22
  Use: Scroll            |       |     1 |     6 ||     7
       Potion            |       |       |     2 ||     2
  Eat: Chunk             |     1 |     5 |     6 ||    12
       Ration            |       |       |     3 ||     3
Armor: Scale mail        |    44 |    28 |    91 ||   163
Dodge: Dodged            |    26 |    26 |    30 ||    82
Block: Shield            |    62 |    29 |       ||    91
       Large shield      |       |    10 |   161 ||   171
       Rpst.: Long sword |    10 |     5 |     8 ||    23
